 Dungeon Crawl Stone Soup version 0.31-a0-236-g9a0961fb85 (webtiles) character file.

Game seed: 8260266965168400706

263 qw the Shooter (level 6, -9/37 HPs)
             Began as a Gargoyle Hexslinger on July 10, 2023.
             Mangled by Menkaure (11 damage)
             ... on level 4 of the Dungeon.
             The game lasted 00:01:17 (3134 turns).

qw the Shooter (Gargoyle Hexslinger)                Turns: 3134, Time: 00:01:18

Health: -9/37      AC: 10    Str: 11    XL:     6   Next: 19%
Magic:  7/7        EV: 10    Int: 14    God:
Gold:   581        SH:  5    Dex: 14    Spells: 6/7 levels left

rFire   . . .        Y - +1 sling
rCold   . . .        (no shield)
rNeg    + . .        g - +0 ring mail
rPois   inf          (no helmet)
rElec   +            (no cloak)
rCorr   .            d - +0 pair of gloves
SInv    .            (no boots)
Will    .....        k - amulet of reflection
Stlth   +            (no ring)
HPRegen 0.26/turn    (no ring)
MPRegen 0.10/turn

%: reflection
@: no status effects
A: sickness immunity, AC +4, negative energy resistance 1, electricity
resistance, torment resistance 1, petrification resistance
a: no special abilities


You were on level 4 of the Dungeon.
You visited 1 branch of the dungeon, and saw 4 of its levels.

You collected 581 gold pieces.


Innate Abilities, Weirdness & Mutations

You are immune to sickness and miasma.
Your stone body is resilient. (AC +4)
You are immune to poison.
You resist negative energy. (rN+)
You are resistant to electric shocks. (rElec)
You are resistant to unholy torment.
You are immune to petrification.


   Skills:
 - Level 3.3 Fighting
 + Level 5.3 Ranged Weapons
 - Level 1.0 Armour
 - Level 1.5 Dodging
 - Level 1.0 Spellcasting
 - Level 2.6 Hexes


You had 6 spell levels left.
You knew the following spells:

 Your Spells              Type           Power      Damage    Failure   Level
a - Slow                  Hex            32%        N/A       21%         1

Your spell library contained the following spells:

 Spells                   Type           Power      Damage    Failure   Level
 Inner Flame              Hex/Fire       4%         N/A       71%         3
 Portal Projectile        Hex/Tloc       8%         N/A       71%         3
 Cause Fear               Hex            4%         N/A       90%         4

Inventory:

Hand Weapons
 Y - a +1 sling (weapon)
Armour
 d - a +0 pair of gloves (worn)
 g - a +0 ring mail (worn)
Jewellery
 k - an amulet of reflection (around neck)
 n - a ring of fire
Scrolls
 m - a scroll of identify
Potions
 a - a potion of resistance
 b - a potion of haste {unknown}
 c - a potion of might {unknown}
 e - a potion of degeneration {unknown}
 f - a potion of heal wounds {unknown}
 i - a potion of enlightenment
 l - a potion of magic {unknown}
 o - a potion of cancellation {unknown}

Dungeon Overview and Level Annotations

Branches:
Dungeon (4/15)
 Temple: D:4-7

Altars:
Hepliaklqana
Ru

Shops:
D:3 :

Annotations:
D:4 Eustachio, Menkaure


Message History

The river rat bites you but does no damage.
Eustachio casts a spell.
The river rat barely misses you.
You shoot a sling bullet. The sling bullet hits the river rat!
You kill the river rat!
The river rat's corpse disappears in a puff of smoke!
You shoot a sling bullet. The sling bullet hits Eustachio!
Eustachio is moderately wounded.
Your surroundings suddenly seem different.
Menkaure and a hobgoblin come into view.
Found 5 stones.
The hobgoblin shouts!
You shoot a sling bullet.
The sling bullet barely misses the hobgoblin.
A kobold comes into view.
It is wielding a +0 club and quivering poisoned darts.
You shoot a sling bullet. The kobold shouts!
The sling bullet hits the hobgoblin but does no damage.
The hobgoblin hits you.
Menkaure calls on the powers of darkness!
The kobold convulses!
The hobgoblin convulses!
Your body is wracked with pain!
You shoot a sling bullet.
The sling bullet hits the hobgoblin but does no damage.
The hobgoblin is moderately wounded.
The hobgoblin closely misses you.
You shoot a sling bullet.
The sling bullet barely misses the hobgoblin.
The hobgoblin hits you but does no damage. x2
You shoot a sling bullet. The sling bullet hits the hobgoblin.
You kill the hobgoblin!
You shoot a sling bullet.
The sling bullet closely misses the kobold.
You shoot a sling bullet. The sling bullet hits the kobold.
You kill the kobold!
Menkaure mumbles some strange words.
Menkaure seems to speed up.
You shoot a sling bullet. The sling bullet hits Menkaure.
Menkaure is moderately damaged.
Menkaure hits you. Menkaure hits you!
You die...

......( .......
....... .......
....... .......
########M......
.......@).#
#.#########


You could see Menkaure (fast).

Vanquished Creatures
  An orc priest (D:3)
  An iguana (D:4)
  3 orc wizards
  3 gnolls (D:2)
  3 worms (D:2)
  15 orcs (D:3)
  7 endoplasms
  3 giant cockroaches
  A goblin (D:3)
  10 hobgoblins
  5 jackals (D:1)
  5 kobolds
  4 quokkas
  8 ball pythons
  4 bats
  2 frilled lizards
  3 rats
78 creatures vanquished.

Notes
Turn   | Place    | Note
-------+----------+-------------------------------------------
     0 | D:1      | qw the Gargoyle Hexslinger began the quest for the Orb.
     0 | D:1      | Reached XP level 1. HP: 12/12 MP: 2/2
     0 | D:1      | 0 ||| qw: Version: 0.3-a-52-g30416fa
     0 | D:1      | 0 ||| qw: Game counter: 4856
     0 | D:1      | 0 ||| qw: Melee chars always use a shield: true
     0 | D:1      | 0 ||| qw: God list: Okawaru
     0 | D:1      | 0 ||| qw: Allow faded altars: false
     0 | D:1      | 0 ||| qw: Do Orc after clearing Dungeon:15 true
     0 | D:1      | 0 ||| qw: Do second Lair branch before Depths: true
     0 | D:1      | 0 ||| qw: Lair rune preference: random
     0 | D:1      | 0 ||| qw: Goals: Normal
     0 | D:1      | 0 ||| PLANNING D:1-11
   286 | D:1      | Reached XP level 2. HP: 16/16 MP: 3/3
   466 | D:1      | Reached skill level 3 in Ranged Weapons
   484 | D:1      | HP: 4/16 [jackal (2)]
   637 | D:1      | Reached XP level 3. HP: 18/21 MP: 4/4
   989 | D:1      | You fall into a shaft and drop 1 floor!
  1001 | D:2      | 1001 ||| FLEEEEING.
  1002 | D:2      | 1002 ||| FLEEEEING.
  1003 | D:2      | 1003 ||| FLEEEEING.
  1004 | D:2      | 1004 ||| FLEEEEING.
  1009 | D:2      | 1009 ||| FLEEEEING.
  1010 | D:2      | 1010 ||| FLEEEEING.
  1011 | D:2      | 1011 ||| FLEEEEING.
  1012 | D:2      | 1012 ||| STAIRDANCE
  1101 | D:1      | 1101 ||| UPGRADING to +0 pair of gloves.
  1106 | D:1      | 1106 ||| UPGRADING to +0 leather armour.
  1116 | D:1      | 1116 ||| DROPPING +0 robe.
  1117 | D:1      | 1117 ||| UPGRADING to +0 ring mail.
  1127 | D:1      | 1127 ||| DROPPING +0 leather armour.
  1128 | D:1      | 1128 ||| UPGRADING to amulet of reflection.
  1133 | D:1      | 1133 ||| DROPPING ring of flight.
  1134 | D:1      | 1134 ||| READING scroll labelled WAGOSUXK BAHYU.
  1137 | D:1      | 1137 ||| READING scroll labelled UTEKEROGOA.
  1138 | D:1      | 1138 ||| READING scroll labelled XEACINE VOIBBA.
  1139 | D:1      | 1139 ||| DROPPING scroll of poison.
  1239 | D:2      | Reached skill level 1 in Armour
  1273 | D:2      | HP: 4/21 [gnoll/+0 club (3)]
  1278 | D:2      | Reached XP level 4. HP: 5/26 MP: 5/5
  1279 | D:2      | HP: 4/26 [gnoll/+1 whip of venom (2)]
  1563 | D:2      | Reached skill level 4 in Ranged Weapons
  1725 | D:2      | Found a faded altar of an unknown god.
  1839 | D:2      | 1839 ||| DROPPING +6 ring of intelligence.
  1840 | D:2      | 1840 ||| READING scroll labelled LAKUIL NEOCKOU.
  1841 | D:2      | 1841 ||| READING scroll labelled XIESIDDIKH.
  1842 | D:2      | 1842 ||| READING scroll labelled TAIMAONTIDOE.
  1842 | D:2      | Identified a scroll of acquirement
  1842 | D:2      | 1842 ||| ACQUIRING 440 gold pieces
  1842 | D:2      | Acquired 440 gold pieces
  1844 | D:2      | 1844 ||| DRINKING 2 fizzy black potions.
  1845 | D:2      | 1845 ||| DRINKING 2 orange potions.
  1865 | D:3      | 1865 ||| Stepping ~*~*~tactically~*~*~ (outnumbered).
  1914 | D:3      | 1914 ||| FLEEEEING.
  1915 | D:3      | 1915 ||| STAIRDANCE
  1992 | D:3      | 1992 ||| STAIRDANCE
  2034 | D:3      | Reached XP level 5. HP: 30/30 MP: 6/6
  2044 | D:3      | 2044 ||| STAIRDANCE
  2053 | D:2      | Reached skill level 5 in Ranged Weapons
  2123 | D:3      | Found Dinaphi's Book Shoppe.
  2198 | D:3      | Found a sacrificial altar of Ru.
  2201 | D:3      | Found a hazy altar of Hepliaklqana.
  2855 | D:3      | Reached skill level 3 in Fighting
  2855 | D:3      | Reached XP level 6. HP: 37/37 MP: 7/7
  2956 | D:3      | 2956 ||| READING scroll labelled IRHULAU SEPS.
  3099 | D:4      | Noticed Eustachio
  3121 | D:4      | HP: 6/37 [Eustachio/+0 rapier (6)]
  3122 | D:4      | 3122 ||| READING scroll of teleportation.
  3126 | D:4      | Noticed Menkaure
  3128 | D:4      | HP: 7/37 [hobgoblin (2)]
  3134 | D:4      | HP: 2/37 [Menkaure (6)]
  3134 | D:4      | Mangled by Menkaure

Levels and vault maps discovered:
D:1:      lightli_arrival_farm, layout_loops_corners
D:2:      layout_rooms, basic_ecumenical_altar, fountainhead
D:3:      minmay_razor_zed, layout_loops_ring, nicolae_overflow_squiral,
          serial_shops, shop, minmay_ruptured
D:4:      layout_basic, serial_shops, shop, uniq_eustachio, uniq_menkaure

Skill      XL: |  1  2  3  4  5 |
---------------+----------------+-----
Ranged Weapons | 3 4 5 |  5.3
Fighting       | 2 3 |  3.3
Armour         | 1 |  1.0
Dodging        | |  1.5
Spellcasting   | |  1.0
Hexes          | |  2.6

Action                     |  1- 3 |  4- 6 || total
---------------------------+-------+-------++-------
   Fire: Sling             |   121 |   202 ||   323
    Use: Scroll            |     3 |     5 ||     8
         Potion            |       |     2 ||     2
 Armour: Robe              |    26 |       ||    26
         Ring mail         |    10 |    63 ||    73
  Dodge: Dodged            |    74 |    83 ||   157
  Block: Other             |     5 |    30 ||    35

Table legend:
 A = Non-vault XP
 B = Vault XP
 C = Vault XP percentage of total XP
 D = Non-vault monster count
 E = Vault monster count
 F = Vault count percentage of total count
                 A         B        C        D         E       F
            +---------+---------+-------+---------+---------+-------
      Total |     347 |      29 |   7.7 |      64 |      14 |  17.9
            +---------+---------+-------+---------+---------+-------
        D:1 |      41 |       0 |   0.0 |      24 |       0 |   0.0
        D:2 |     109 |       0 |   0.0 |      16 |       0 |   0.0
        D:3 |     157 |      29 |  15.6 |      20 |      14 |  41.2
        D:4 |      40 |       0 |   0.0 |       4 |       0 |   0.0
            +---------+---------+-------+---------+---------+-------
